 Dungeon Crawl Stone Soup version 0.18-a0-1745-gffa9a88 (webtiles) character file.

96 dobroeutro the Shield-Bearer (level 4, 0/29 HPs)
             Began as a Gargoyle Fighter on Apr 11, 2016.
             Slain by PeterLawrence's ghost (10 damage)
             ... on level 3 of the Dungeon.
             The game lasted 00:16:52 (1466 turns).

dobroeutro the Shield-Bearer (Gargoyle Fighter)     Turns: 1466, Time: 00:16:53

Health: 0/29       AC: 10    Str: 21    XL:     4   Next: 67%
Magic:  4/4        EV:  7    Int:  8    God:
Gold:   125        SH:  9    Dex:  9    Spells: 0 memorised, 3 levels left

rFire  . . .     SeeInvis .     a - +0 flail
rCold  . . .     Gourm    .     b - +0 scale mail
rNeg   + . .     Faith    .     c - +0 shield
rPois  ∞         Spirit   .     (no helmet)
rElec  +         Dismiss  .     (no cloak)
rCorr  .         Reflect  .     (no gloves)
SustAt .         Harm     .     (no boots)
MR     .....                    i - amulet of magic regeneration
Stlth  ..........               (no ring)
                                (no ring)

@: not resistant to hostile enchantments, extremely unstealthy
A: negative energy resistance 1, electricity resistance, unbreathing,
petrification resistance, rot immunity, AC +3
a: no special abilities


You were on level 3 of the Dungeon.
You were not hungry.

You visited 1 branch of the dungeon, and saw 3 of its levels.

You collected 125 gold pieces.

Inventory:

Hand Weapons
 a - a +0 flail (weapon)
Armour
 b - a +0 scale mail (worn)
 c - a +0 shield (worn)
Jewellery
 i - an amulet of magic regeneration (around neck)
Scrolls
 e - 2 scrolls of random uselessness {unknown}
 h - 4 scrolls of identify {unknown}
 j - a scroll of remove curse {unknown}
 l - 2 scrolls of blinking {unknown}
 m - 2 scrolls of noise {unknown}
 o - a scroll of enchant armour {unknown}
 p - a scroll of teleportation {unknown}
Potions
 d - a potion of might
 g - a potion of agility {unknown}
 k - a potion of heal wounds {unknown}
 n - a potion of berserk rage {unknown}
 r - 2 potions of lignification {unknown}
Comestibles
 f - 3 bread rations
 q - a beef jerky


   Skills:
 + Level 4.0 Fighting
 + Level 2.4 Maces & Flails
 + Level 3.8 Armour
 + Level 4.5 Shields


You had 3 spell levels left.
You didn't know any spells.

Dungeon Overview and Level Annotations

Branches:
Dungeon (3/15)

Altars:

Annotations:
D:3 PeterLawrence's ghost, amateur MiFi


Innate Abilities, Weirdness & Mutations

You are resistant to torment.
Your stone body is resilient (AC +3).
You are immune to poison.
You resist negative energy.
You are resistant to electric shocks.
You can survive without breathing.
You are immune to petrification.
You are immune to rotting.


Message History

The adder closely misses you.
PeterLawrence's ghost hits you but does no damage.
The adder bites you.
You hit PeterLawrence's ghost.
PeterLawrence's ghost is lightly damaged.
The adder bites you but does no damage.
PeterLawrence's ghost hits you but does no damage.
You block the adder's attack.
You hit PeterLawrence's ghost but do no damage.
PeterLawrence's ghost is lightly damaged.
PeterLawrence's ghost completely misses you.
The adder bites you but does no damage. PeterLawrence's ghost hits you.
You barely miss PeterLawrence's ghost.
PeterLawrence's ghost is lightly damaged.
You block the adder's attack. The adder barely misses you.
PeterLawrence's ghost closely misses you.
You hit PeterLawrence's ghost.
PeterLawrence's ghost is lightly damaged.
The adder bites you but does no damage. PeterLawrence's ghost hits you!
You die...

.####.### .# #.# .##
#>## ..###..########
..#...........#
..#.##.#.####.########
..#. #...............#
..# #....#..#..#W.#
..# #...#..#..#@S# ..#
##....#..#..#..# ###
.....#..#..#..#...
###..#..#..#..#..#.#
#............ . #
#............#
#.############ ..


You could see PeterLawrence's ghost and an adder.

Vanquished Creatures
  4 adders
  A worm (D:2)
  A giant gecko (D:1)
  An orc (D:3)
  4 giant cockroaches (D:1)
  5 goblins (D:1)
  4 hobgoblins
  11 jackals
  6 kobolds
  3 bats
  7 giant newts
  5 rats
52 creatures vanquished.

Notes
Turn   | Place    | Note
--------------------------------------------------------------
     0 | D:1      | dobroeutro the Gargoyle Fighter began the quest for the Orb.
     0 | D:1      | Reached XP level 1. HP: 14/14 MP: 1/1
    86 | D:1      | Reached XP level 2. HP: 11/19 MP: 2/2
   483 | D:1      | Reached XP level 3. HP: 4/23 MP: 3/3
  1128 | D:2      | Reached XP level 4. HP: 29/29 MP: 4/4
  1454 | D:3      | Noticed PeterLawrence's ghost (amateur MiFi)
  1466 | D:3      | Slain by PeterLawrence's ghost

Vault maps used:
D:1:      saegor_arrival_under_anarchy
D:3:      first_bread, serial_glass, glass_columns_a, glass_columns_a,
          glass_columns_c, glass_columns_a, glass_columns_c, glass_columns_a,
          glass_columns_a, glass_columns_b, ecumenical_altar_2,
          minmay_misc_feat_diagonals

Skill      XL: |  1  2  3  4 |
---------------+-------------+-----
Shields        | 4 |  4.5
Fighting       | 4 |  4.0
Maces & Flails | |  2.4
Armour         | |  3.8

Action                   |  1- 3 |  4- 6 || total
-------------------------+-------+-------++-------
Melee: Flail             |   184 |    86 ||   270
  Eat: Chunk             |     1 |     2 ||     3
